 Dungeon Crawl Stone Soup version 0.27.1-34-g3ba077fa99 (webtiles) character file.

Game seed: 15465614997277542637

7037 zeram the Cleaver (level 11, -10/82 HPs)
             Began as a Hill Orc Fighter on Jan 3, 2022.
             Was an Initiate of Gozag.
             Killed from afar by an electric eel (15 damage)
             ... with a bolt of electricity
             ... on level 8 of the Dungeon.
             The game lasted 00:18:28 (10746 turns).

zeram the Cleaver (Hill Orc Fighter)               Turns: 10746, Time: 00:18:29

Health: -10/82     AC: 22    Str: 22    XL:     11   Next: 9%
Magic:  11/11      EV:  6    Int: 15    God:    Gozag
Gold:   1090       SH: 17    Dex: 10    Spells: 10/10 levels left

rFire    . . .     SeeInvis .   a - +0 war axe
rCold    . . .     Faith    .   c - +0 kite shield
rNeg     . . .     Spirit   .   e - +0 plate armour
rPois    .         Reflect  +   v - +2 helmet
rElec    .         Harm     .   h - +1 cloak
rCorr    .         Rampage  .   (no gloves)
Will     .....                  d - +1 pair of boots
Stlth    ..........             f - amulet of reflection
HPRegen  0.23/turn              A - +6 ring of intelligence
MPRegen  0.12/turn              (no ring)

@: no status effects
A: no striking features
a: Renounce Religion, Potion Petition, Call Merchant, Bribe Branch


You were on level 8 of the Dungeon.
You worshipped Gozag.
Gozag was most pleased with you.
You visited 2 branches of the dungeon, and saw 10 of its levels.

You collected 1150 gold pieces.
You paid 60 gold pieces to Gozag.

Inventory:

Hand Weapons
 a - a +0 war axe (weapon)
 m - a +1 flail of distortion
Missiles
 t - 7 silver javelins (quivered)
 y - 2 throwing nets
Armour
 b - a +0 scale mail
 c - a +0 kite shield (worn)
 d - a +1 pair of boots (worn)
 e - a +0 plate armour (worn)
 h - a +1 cloak (worn)
 i - a +0 helmet
 v - a +2 helmet (worn)
Jewellery
 f - an amulet of reflection (around neck)
 A - a +6 ring of intelligence (left hand)
Wands
 o - a wand of iceblast (10)
 u - a wand of charming (8)
 w - a wand of digging (6)
 D - a wand of polymorph (9)
Scrolls
 q - a scroll of amnesia
Potions
 g - 3 potions of flight
 j - 2 potions of brilliance
 l - 2 potions of berserk rage {unknown}
 n - a potion of cancellation
 p - a potion of magic {unknown}
 r - a potion of attraction {unknown}
 z - 2 potions of degeneration


   Skills:
 - Level 3.6 Fighting
 + Level 13.8 Axes
 + Level 9.0 Armour
 + Level 1.5 Dodging
 + Level 11.2 Shields


You had 10 spell levels left.
You didn't know any spells.
Your spell library contained the following spells:

 Spells                   Type           Power      Damage    Failure   Level
 Magic Dart               Conj           0%         1d3       100%        1
 Call Imp                 Summ           0%         N/A       100%        2
 Slow                     Hex            0%         N/A       100%        2
 Call Canine Familiar     Summ           0%         N/A       100%        3
 Confusing Touch          Hex            0%         N/A       100%        3
 Mephitic Cloud           Conj/Pois/Air  0%         N/A       100%        3
 Portal Projectile        Hex/Tloc       0%         N/A       100%        3
 Vampiric Draining        Necr           0%         2d6       100%        3
 Leda's Liquefaction      Hex/Erth       0%         N/A       100%        4


Dungeon Overview and Level Annotations

Branches:
Dungeon (9/15)             Temple (1/1) D:4
   Lair: D:8-11         Orc: D:9-12

Altars:
Ashenzari
Cheibriados
Dithmenos
Elyvilon
Fedhas
Gozag
Hepliaklqana
Kikubaaqudgha
Makhleb
Nemelex Xobeh
Okawaru
Qazlal
Ru
Sif Muna
Trog
Uskayaw
Vehumet
Wu Jian
Xom
Yredelemnul
Zin
The Shining One


Message History

Your electric eel is almost dead.
The electric eel is no longer charmed.
The iceblast engulfs the electric eel!
The electric eel is heavily wounded.
The electric eel shoots out a bolt of lightning at you!
The bolt of electricity hits you.
The electric eel shoots out a bolt of lightning at you!
The bolt of electricity hits you!
* * * LOW HITPOINT WARNING * * *
The electric eel shoots out a bolt of lightning at you!
The bolt of electricity hits you!
* * * LOW HITPOINT WARNING * * *
You feel much better.
The electric eel shoots out a bolt of lightning at you!
The bolt of electricity hits you!
* * * LOW HITPOINT WARNING * * *
The electric eel shoots out a bolt of lightning at you!
The bolt of electricity hits you!
* * * LOW HITPOINT WARNING * * *
Okay, then.
Okay, then.
You feel better.
The electric eel shoots out a bolt of lightning at you!
The bolt of electricity hits you.
* * * LOW HITPOINT WARNING * * *
Unknown command.
The electric eel shoots out a bolt of lightning at you!
The bolt of electricity hits you.
* * * LOW HITPOINT WARNING * * *
The electric eel shoots out a bolt of lightning at you!
The bolt of electricity misses you.
The electric eel shoots out a bolt of lightning at you!
The bolt of electricity hits you!
* * * LOW HITPOINT WARNING * * *
The electric eel shoots out a bolt of lightning at you!
The bolt of electricity hits you.
* * * LOW HITPOINT WARNING * * *
The electric eel shoots out a bolt of lightning at you!
The bolt of electricity hits you!
You die...
Your body crumbles into a pile of gold.

##.######≈≈≈≈≈##.......
#≈##≈≈≈##.$(?≈##.......
#≈#≈;≈;;#)≈≈≈.##.......
#≈#$..)/#P≈...##.......
#≈#..≈≈≈#.....##.......
#≈#PP.≈.#.....##.......
#.#.....##..'#########.
#.#.....#####..# #.
#.##..@##≈≈...## #.
##.####.≈≈##### #.
##≈≈...### #. #######
#. ##


You could see 3 electric eels.

Vanquished Creatures
  The ghost of lordive the Geomancer, a novice GrEE (D:6)
  Joseph (D:7)
  An elephant (D:7)
  A rime drake (D:7)
  Maggie (D:7)
  Prince Ribbit (D:7)
  Sigmund (D:2)
  7 yaks (D:8)
  2 wyverns
  A steam dragon (D:7)
  Grum (D:7)
  A vampire mosquito (D:8)
  Edmund (D:6)
  2 black bears (D:5)
  2 orc warriors (D:7)
  4 ice beasts
  A sky beast (D:7)
  A necrophage (D:8)
  5 ogres
  3 centaurs
  2 wolves (D:7)
  A phantom (D:5)
  A kobold brigand (D:7)
  3 bullfrogs
  A scorpion (D:6)
  6 killer bees
  2 howler monkeys
  2 bullfrog zombies (D:7)
  A centaur zombie (D:5)
  A centaur skeleton (D:4)
  A bullfrog skeleton (D:5)
  3 hounds
  A jelly (D:7)
  2 orc priests
  Crazy Yiuf (D:2)
  Jessica (D:1)
  4 iguanas
  3 orc wizards
  Robin (D:3)
  11 adders
  A shadow imp (D:8)
  A white imp (D:5)
  An ufetubus (D:5)
  3 worms
  5 dart slugs
  30 orcs
  8 endoplasms
  A giant cockroach (D:3)
  16 goblins
  3 hobgoblins
  3 jackals (D:1)
  A quokka (D:1)
  4 ball pythons
  5 bats
  A frilled lizard (D:3)
  A kobold (D:2)
  7 rats
177 creatures vanquished.

Vanquished Creatures (others)
  4 plants (D:8)
4 creatures vanquished.

Grand Total: 181 creatures vanquished

Notes
Turn   | Place    | Note
-------+----------+-------------------------------------------
     0 | D:1      | zeram the Hill Orc Fighter began the quest for the Orb.
     0 | D:1      | Reached XP level 1. HP: 19/19 MP: 1/1
   210 | D:1      | Reached XP level 2. HP: 20/26 MP: 2/2
   292 | D:1      | Reached skill level 3 in Axes
   699 | D:1      | Reached XP level 3. HP: 27/31 MP: 3/3
  1333 | D:2      | Noticed Jessica
  1355 | D:1      | Killed Jessica
  1356 | D:1      | Reached skill level 4 in Axes
  1356 | D:1      | Reached XP level 4. HP: 34/39 MP: 4/4
  1471 | D:2      | Noticed Sigmund
  1660 | D:2      | Killed Sigmund
  1661 | D:2      | Reached skill level 5 in Axes
  1661 | D:2      | Reached skill level 1 in Dodging
  1661 | D:2      | Reached XP level 5. HP: 19/45 MP: 5/5
  1661 | D:2      | Reached XP level 6. HP: 22/51 MP: 6/6
  2023 | D:2      | Noticed a floating eye
  2025 | D:2      | Found a faded altar of an unknown god.
  2026 | D:2      | Noticed a great orb of eyes
  2026 | D:2      | Noticed a golden eye
  2026 | D:2      | Noticed a shining eye
  2112 | D:2      | Reached skill level 6 in Axes
  2244 | D:2      | Found a runed translucent door.
  2245 | D:2      | Noticed Crazy Yiuf
  2529 | D:2      | Killed Crazy Yiuf
  2731 | D:3      | Noticed Robin
  2742 | D:3      | Killed Robin
  3127 | D:3      | Noticed an ice beast
  3153 | D:3      | Killed an ice beast
  3154 | D:3      | Reached skill level 5 in Armour
  3154 | D:3      | Reached XP level 7. HP: 47/57 MP: 7/7
  3423 | D:3      | Reached skill level 7 in Axes
  3423 | D:3      | Reached skill level 5 in Shields
  3900 | D:4      | Found a staircase to the Ecumenical Temple.
  3968 | Temple   | Entered the Ecumenical Temple
  4171 | Temple   | Became a worshipper of Gozag Ym Sagoz the Greedy
  4393 | D:4      | Found a hazy altar of Hepliaklqana.
  4393 | D:4      | Found a sparkling altar of Nemelex Xobeh.
  4396 | D:4      | Found an ornate altar of the Wu Jian Council.
  4613 | D:5      | Entered Level 5 of the Dungeon
  4717 | D:5      | Reached skill level 8 in Axes
  4950 | D:5      | Reached XP level 8. HP: 58/64 MP: 8/8
  5096 | D:5      | Noticed a wyvern
  5102 | D:5      | Killed a wyvern
  5103 | D:5      | Reached skill level 9 in Axes
  5506 | D:5      | Found a glowing golden altar of the Shining One.
  6091 | D:6      | Reached skill level 10 in Axes
  6091 | D:6      | Reached XP level 9. HP: 54/70 MP: 9/9
  6765 | D:6      | Noticed Edmund
  6778 | D:6      | Killed Edmund
  6880 | D:6      | Found a runed translucent gate.
  6880 | D:6      | Found a runed translucent gate.
  6880 | D:6      | Found a runed translucent gate.
  6883 | D:6      | Noticed lordive's ghost (novice GrEE)
  7000 | D:6      | Killed lordive's ghost
  7001 | D:6      | Reached skill level 11 in Axes
  7041 | D:7      | Found a bloodstained altar of Trog.
  7057 | D:7      | Noticed a hornet
  7061 | D:7      | Paralysed by a hornet for 2 turns
  7078 | D:7      | Noticed a rime drake
  7078 | D:7      | a hornet changed into a rime drake
  7081 | D:7      | HP: 3/70 [rime drake/flash freeze (6)]
  7088 | D:7      | Killed a rime drake
  7233 | D:7      | Noticed Prince Ribbit
  7592 | D:7      | Killed Prince Ribbit
  7593 | D:7      | Reached XP level 10. HP: 74/77 MP: 10/10
  7791 | D:7      | Reached skill level 12 in Axes
  8306 | D:8      | Noticed Maggie
  8307 | D:8      | Noticed Harold
  8308 | D:8      | Noticed Grum
  8311 | D:8      | Noticed Joseph
  8393 | D:7      | Killed Grum
  8456 | D:7      | Killed Maggie
  8457 | D:7      | Reached skill level 10 in Shields
  8693 | D:7      | Noticed Harold
  8693 | D:7      | Harold changed into Harold the elephant
  8710 | D:7      | Killed Harold the elephant
  9210 | D:7      | Killed Joseph
  9211 | D:7      | Reached skill level 13 in Axes
  9689 | D:8      | Found a stormy altar of Qazlal.
  9697 | D:8      | Found a basalt altar of Yredelemnul.
  9713 | D:8      | Reached XP level 11. HP: 80/81 MP: 11/11
 10746 | D:8      | Killed from afar by an electric eel

Illustrated notes

Levels and vault maps discovered:
D:1:      dpeg_arrival_circle_labyrinth_c, layout_basic, hex_large,
          minmay_distorted
D:2:      layout_rooms, hellmonk_ecumenical_altar_watching_god,
          minmay_fractal_squares_gapless_5, uniq_crazy_yiuf_cottage,
          uniq_jessica, uniq_sigmund
D:3:      cheibrodos_pilgrimage, layout_basic, grunt_decor_fettered,
          lemuel_flame_loot_1, uniq_robin
D:4:      layout_rooms, chequers_temple_overflow_statue_of_worship,
          minmay_temple_entry_statues_pillars, minmay_fractal_squares_5
D:5:      kennysheep_six_static_rooms, layout_basic,
          nicolae_tso_swordbearing_angel
D:6:      layout_cave_pools, ebering_ghost_rock_garden, uniq_edmund
D:7:      layout_cave_pools, lemuel_round_altar, uniq_prince_ribbit1
D:8:      cheibrodos_two_vegetables, layout_basic, grunt_temple_overflow_open,
          st_stairs_13, hangedman_abyss_or_decor_lesser_grid, uniq_joseph,
          uniq_maggie, uniq_grum, uniq_harold
D:9:      layout_loops_ring, orc_0_dummy
Temple:   regret_index_temple_generic_petals

Skill      XL: |  1  2  3  4  5  6  7  8  9 10 11 |
---------------+----------------------------------+-----
Axes           | 3 4 5 6 8 10 11 13 | 13.8
Armour         | 4 5 6 8 9 |  9.0
Dodging        | 1 |  1.5
Shields        | 4 6 7 9 11 | 11.2
Fighting       | |  3.6

Action                   |  1- 3 |  4- 6 |  7- 9 | 10-12 || total
-------------------------+-------+-------+-------+-------++-------
Melee: War axe           |    62 |   151 |   354 |   340 ||   907
Evoke: Wand              |       |       |     1 |     4 ||     5
  Use: Scroll            |     1 |     4 |    10 |     3 ||    18
       Potion            |       |     5 |     3 |     2 ||    10
 Stab: Invisible         |       |       |     1 |       ||     1
Armor: Scale mail        |    52 |       |       |       ||    52
       Plate armour      |       |    70 |   149 |   137 ||   356
Dodge: Dodged            |    21 |    21 |    47 |    44 ||   133
Block: Kite shield       |    39 |   119 |   293 |   282 ||   733
       Reflection        |       |     5 |     5 |    13 ||    23
